 Dungeon Crawl Stone Soup version 0.31-a0-920-g28cbb04a8c (webtiles) character file.

Game seed: 3557657418113158951

11 Azuregosa the Sneak (level 2, -1/21 HPs)
             Began as an Octopode Delver on Oct 17, 2023.
             Splashed by a jelly's acid (3 damage)
             ... on level 4 of the Dungeon.
             The game lasted 00:01:47 (136 turns).

Azuregosa the Sneak (Octopode Delver)                Turns: 136, Time: 00:01:47

Health: -1/21      AC: -3    Str: 11    XL:     2   Next: 25%
Magic:  2/2        EV: 13    Int: 12    God:
Gold:   31         SH:  0    Dex: 13    Spells: 1/1 levels left

rFire   . . .        g - +0 spear (flame)
rCold   . . .        (no shield)
rNeg    . . .        (helmet restricted)
rPois   .            (no amulet)
rElec   .            (no ring)
rCorr   .            (no ring)
SInv    .            (no ring)
Will    .....        (no ring)
Stlth   ++++         (no ring)
HPRegen 0.23/turn    (no ring)
MPRegen 0.08/turn    (no ring)
                     (no ring)

%: no passive effects
@: corroded
A: almost no armour, amphibious, 8 rings, camouflage 1, gelatinous body 1,
(nimble swimmer 1), tentacles
a: no special abilities


You were on level 4 of the Dungeon.
You visited 1 branch of the dungeon, and saw 3 of its levels.

You collected 31 gold pieces.

Inventory:

Hand Weapons
 a - a +0 short sword
 g - a +0 spear of flaming (weapon)
Wands
 f - a wand of digging (3)
Scrolls
 b - a scroll of fog
 d - a scroll of fear
Potions
 c - a potion of heal wounds {unknown}
 e - a potion of haste


   Skills:
 - Level 3.0 Fighting
 - Level 2.0 Short Blades
 - Level 2.0 Dodging
 + Level 7.3 Stealth


You had one spell level left.
You didn't know any spells.
Your spell library was empty.

Dungeon Overview and Level Annotations

Branches:
Dungeon (6/15)
 Temple: D:4-7

Altars:

Shops:
D:5 !


Innate Abilities, Weirdness & Mutations

You cannot wear most types of armour.
You are amphibious.
You can wear up to eight rings at the same time.
Your skin changes colour to match your surroundings (Stealth+).
Your rubbery body absorbs attacks. (AC +1, EV +1)
((You are camouflaged when in or above water. (Stealth+)))
You have tentacles for arms and can constrict up to eight enemies at once.


Message History

You see here an adder corpse.
There is a stone staircase leading up here.
You climb upwards.
There is a stone staircase leading down here.
Reach: g) +0 spear (flame)
Press: ? - help, Dir - move target, f - orc
Aim: an orc, wielding a +0 club (asleep, about 2% to evade your +0 spear of flaming)
You reach to attack!
The helpless orc fails to defend itself.
You hit the orc. You burn the orc.
The orc is moderately wounded.
You hit the orc. You burn the orc.
You kill the orc!
You open the door.
Found 14 gold pieces.
There is an open door here.
You now have 31 gold pieces (gained 14).
You open the door.
A jelly comes into view.
You hear a distant slurping noise.
There is an open door here.
Reach: g) +0 spear (flame)
Press: ? - help, Dir - move target, f - jelly
Aim: a jelly (asleep, about 2% to evade your +0 spear of flaming)
You reach to attack!
The helpless jelly fails to defend itself.
You hit the jelly. You burn the jelly.
The jelly is heavily wounded.
You hit the jelly. You burn the jelly. The acid corrodes you!
Your tentacles burn!
The jelly is severely wounded.
The jelly hits you.
You are splashed with acid!
Ouch! That really hurt!
* * * LOW HITPOINT WARNING * * *
You hit the jelly. You burn the jelly.
Your tentacles burn!
* * * LOW HITPOINT WARNING * * *
The jelly is almost dead.
The jelly closely misses you.
You hit the jelly but do no damage.
Your tentacles burn!
You die...

#.... #..##..#
#.... #...#..#
#....##...# .#
#.........# .#
#....##..## ##
#.... #'###..#
#....##......#
#............#
#....@.......#
##..J#######.#
#... # #...
#... #... #...
....


You could see a jelly.

Vanquished Creatures
  An adder (D:5)
  An orc (D:4)
2 creatures vanquished.

Notes
Turn   | Place    | Note
-------+----------+-------------------------------------------
     0 | D:5      | Azuregosa the Octopode Delver began the quest for the Orb.
     0 | D:5      | Reached XP level 1. HP: 16/16 MP: 1/1
    11 | D:6      | Noticed a sky beast
    38 | D:5      | Reached skill level 7 in Stealth
    38 | D:5      | Reached XP level 2. HP: 13/21 MP: 2/2
    88 | D:5      | Found Amyox's Distillery.
   135 | D:4      | HP: 1/21 [acid (5)]
   136 | D:4      | Splashed by a jelly's acid

Illustrated notes

Levels and vault maps discovered:
D:4:      layout_gridville, mainiacjoe_overflow_cross_hatched,
          ebering_ghost_sewer_f
D:5:      layout_rooms, serial_shops, nicolae_shop_behind_doors,
          ebering_ghost_disaster_area, uniq_prince_ribbit1, uniq_menkaure,
          uniq_crazy_yiuf_cottage
D:6:      layout_basic, mainiacjoe_overflow_tiny_flanked,
          minmay_temple_entry_statues_pillars,
          lightli_ossuary_entry_decrepit_ruins, chequers_serial_rivers_large_b,
          kennysheep_generic_room_16, uniq_grinder

Skill      XL: |  1 |
---------------+----+-----
Stealth        | 7 |  7.3
Fighting       | |  3.0
Short Blades   | |  2.0
Dodging        | |  2.0

Action                     || total
---------------------------++-------
  Melee: Spear             ||    10
         Constrict         ||     1
    Use: Scroll            ||     1
   Stab: Sleeping          ||     2
 Armour: Skin              ||     2
  Dodge: Dodged            ||     3

Table legend: (Time is in decaauts)
 A = Elapsed time spent in this place.
 B = Non-inter-level travel time spent in this place.
 C = Inter-level travel time spent in this place.
 D = Time resting spent in this place.
 E = Time spent auto-exploring this place.
 F = Levels seen in this place.
 G = Mean time per level.
                   A        B        C        D        E       F      G
               +--------+--------+--------+--------+--------+-----+--------+
         Total |    136 |    136 |      0 |     41 |      0 |   3 |   45.3 |
       Dungeon |    136 |    136 |      0 |     41 |      0 |   3 |   45.3 |
               +--------+--------+--------+--------+--------+-----+--------+

Top non-repeatable levels by time:
     D:5: 101 daAuts
     D:4: 23 daAuts
     D:6: 11 daAuts
